 Dungeon Crawl Stone Soup version 0.21-a0-122-g43b3ea6 (webtiles) character file.

108 Lianjan the Chiller (level 4, -5/24 HPs)
             Began as a Deep Elf Ice Elementalist on July 13, 2017.
             Slain by eyesnoeyes's ghost (6 damage)
             ... on level 3 of the Dungeon.
             The game lasted 00:04:49 (2116 turns).

Lianjan the Chiller (Deep Elf Ice Elementalist)     Turns: 2116, Time: 00:04:49

Health: -5/24      AC: 10    Str: 15    XL:     4   Next: 58%
Magic:  12/12      EV: 12    Int: 20    God:
Gold:   131        SH:  0    Dex: 17    Spells: 3/11 levels left

rFire    x . .     SeeInvis .   f - +0 short sword (elec)
rCold    + . .     Gourm    .   (no shield)
rNeg     . . .     Faith    .   p - +0 leather armour
rPois    .         Spirit   .   q - +0 helmet (curse)
rElec    .         Reflect  .   (no cloak)
rCorr    .         Harm     .   (no gloves)
MR       .....                  (no boots)
Stlth    +++.......             (no amulet)
HPRegen  0.08/turn              k - +4 ring of strength
MPRegen  0.13/turn              w - ring of ice

@: mighty, icy armour, slow
A: claws 1, thin skeletal structure 1, wild magic 1
a: no special abilities


You were on level 3 of the Dungeon.
You were not hungry.

You visited 1 branch of the dungeon, and saw 3 of its levels.

You collected 131 gold pieces.

Inventory:

Hand Weapons
 f - a +0 short sword of electrocution (weapon)
Armour
 p - a +0 leather armour (worn)
 q - a cursed +0 helmet (worn)
Jewellery
 k - a +4 ring of strength (left claw)
 v - an uncursed ring of protection from cold
 w - a ring of ice (right claw)
Scrolls
 a - a scroll of magic mapping {unknown}
 d - a scroll of enchant armour {unknown}
 g - 4 scrolls of teleportation {unknown}
 l - 7 scrolls of identify {unknown}
 r - 4 scrolls of remove curse {unknown}
 t - 2 scrolls of enchant weapon {unknown}
 u - a scroll of immolation {unknown}
Potions
 o - a potion of degeneration {unknown}
 s - 2 potions of heal wounds {unknown}
Books
 b - a book of Frost

   Spells                             Type                      Level
   a - Freeze                         Ice                          1
   b - Throw Frost                    Conjuration/Ice              2
   c - Ozocubu's Armour               Charms/Ice                   3
   d - Throw Icicle                   Conjuration/Ice              4
   e - Summon Ice Beast               Ice/Summoning                4
Comestibles
 c - 6 bread rations
 i - 5 meat rations
 m - 2 fruits


   Skills:
 + Level 0.4 Fighting
 - Level 2.4 Dodging
 - Level 2.4 Stealth
 + Level 4.4 Spellcasting
   Level 1.1 Conjurations
 + Level 0.7 Summonings
 * Level 5.0 Ice Magic


You had 3 spell levels left.
You knew the following spells:

 Your Spells              Type           Power        Failure   Level  Hunger
a - Freeze                Ice            ####         3%          1    None
b - Ozocubu's Armour      Chrm/Ice       ####....     22%         3    ###....
c - Summon Ice Beast      Ice/Summ       ####....     52%         4    ####...


Dungeon Overview and Level Annotations

Branches:
Dungeon (3/15)

Altars:
Xom

Annotations:
D:3 eyesnoeyes's ghost, amateur DsHu


Innate Abilities, Weirdness & Mutations

You have sharp fingernails.
You have a somewhat thin skeletal structure. (Dex +2, Stealth)
Your spells are a little harder to cast, but a little more powerful.


Message History

Eyesnoeyes's ghost is almost destroyed.
Eyesnoeyes's ghost misses you.
You barely miss eyesnoeyes's ghost.
Eyesnoeyes's ghost is almost destroyed.
Eyesnoeyes's ghost closely misses you.
You barely miss eyesnoeyes's ghost.
Eyesnoeyes's ghost is almost destroyed.
Eyesnoeyes's ghost hits you but does no damage.
You barely miss eyesnoeyes's ghost.
Eyesnoeyes's ghost is almost destroyed.
Eyesnoeyes's ghost closely misses you.
Eyesnoeyes's ghost hits you but does no damage.
You miss eyesnoeyes's ghost.
Eyesnoeyes's ghost is almost destroyed.
Eyesnoeyes's ghost hits you.
* * * LOW HITPOINT WARNING * * *
You barely miss eyesnoeyes's ghost.
Eyesnoeyes's ghost is almost destroyed.
Eyesnoeyes's ghost hits you.
You die...

#### ##... . .... .. ...
... .. .... #.r###.
##...# #....#.#.....#
#.... #'##...#
#......#@# ..##
###....###W###..##+##
.......#........#...##
#....#.............##
#...................##
#.###....###.........###
..........+.........'.
#........###.........#
#........# ##.......##


You could see eyesnoeyes's ghost.

Vanquished Creatures
  An orc priest (D:3)
  2 adders (D:2)
  2 oozes (D:2)
  A leopard gecko (D:2)
  3 orcs
  2 ball pythons
  7 bats
  A giant cockroach (D:2)
  11 goblins
  5 hobgoblins
  2 jackals (D:1)
  A quokka (D:2)
  3 frilled lizards
  4 kobolds
45 creatures vanquished.

Notes
Turn   | Place    | Note
-------+----------+-------------------------------------------
     0 | D:1      | Lianjan the Deep Elf Ice Elementalist began the quest for the Orb.
     0 | D:1      | Reached XP level 1. HP: 10/10 MP: 6/6
     3 | D:1      | Noticed an electric eel
     3 | D:1      | Noticed an electric eel
   132 | D:1      | Reached XP level 2. HP: 15/15 MP: 6/8
   269 | D:1      | Reached skill level 4 in Ice Magic
  1080 | D:2      | Reached XP level 3. HP: 17/19 MP: 5/10
  1600 | D:2      | Found a shimmering altar of Xom.
  1755 | D:2      | Reached XP level 4. HP: 24/24 MP: 9/12
  1761 | D:2      | Learned a level 3 spell: Ozocubu's Armour
  1766 | D:2      | Learned a level 4 spell: Summon Ice Beast
  2012 | D:3      | Reached skill level 5 in Ice Magic
  2083 | D:3      | Noticed eyesnoeyes's ghost (amateur DsHu)
  2102 | D:3      | Gained mutation: Your spells are a little harder to cast, but a little more powerful. [potion of mutation]
  2102 | D:3      | Gained mutation: You have a somewhat thin skeletal structure. (Dex +2, Stealth) [potion of mutation]
  2102 | D:3      | Gained mutation: You have sharp fingernails. [potion of mutation]
  2115 | D:3      | HP: 1/24 [eyesnoeyes's ghost (2)]
  2116 | D:3      | Slain by eyesnoeyes's ghost

Vault maps used:
D:1:      arrival_aquarium_b
D:2:      tgw_xom, first_bread
D:3:      roderic_bali_sauvastika

Skill      XL: |  1  2  3  4 |
---------------+-------------+-----
Ice Magic      | 4 5 |  5.0
Spellcasting   | 4 |  4.4
Fighting       | |  0.4
Dodging        | |  2.4
Stealth        | |  2.4
Conjurations   | |  1.1
Summonings     | |  0.7

Action                   |  1- 3 |  4- 6 || total
-------------------------+-------+-------++-------
Melee: Short sword       |    10 |    24 ||    34
       Unarmed           |     1 |       ||     1
 Cast: Freeze            |    58 |     6 ||    64
       Ozocubu's Armour  |       |     3 ||     3
  Use: Potion            |       |     3 ||     3
 Stab: Sleeping          |     1 |       ||     1
  Eat: Chunk             |     2 |     2 ||     4
Armor: Robe              |     2 |       ||     2
       Leather armour    |    10 |    11 ||    21
Dodge: Dodged            |    35 |    20 ||    55
